 Dungeon Crawl Stone Soup version 0.27-a0-1384-g1422d76b99 (webtiles) character file.

Game seed: 8972091645104888990

2612 mandarbmax the Magician (level 9, -9/72 HPs)
             Began as a Gnoll Warper on July 1, 2021.
             Was a Priest of Kikubaaqudgha.
             Shot with a sling bullet by Joseph (24 damage)
             ... on level 7 of the Dungeon.
             The game lasted 00:27:09 (9186 turns).

mandarbmax the Magician (Gnoll Warper)              Turns: 9186, Time: 00:27:10

Health: -9/72      AC:  4    Str: 12    XL:     9   Next: 60%
Magic:  13/20      EV: 14    Int: 14    God:    Kikubaaqudgha [***...]
Gold:   347        SH:  8    Dex: 12    Spells: 1/23 levels left

rFire    + . .     SeeInvis .   a - +1 mace
rCold    + . .     Faith    .   b - +3 buckler
rNeg     . . .     Spirit   .   q - +2 robe {rC+}
rPois    .         Reflect  .   (no helmet)
rElec    .         Harm     .   (no cloak)
rCorr    .         Rampage  .   (no gloves)
Will     .....                  (no boots)
Stlth    +++.......             (no amulet)
HPRegen  0.22/turn              i - ring of protection from fire
MPRegen  0.17/turn              (no ring)

@: no status effects
A: fangs 1, strong nose, distributed training
a: Renounce Religion, Receive Corpses


You were on level 7 of the Dungeon.
You worshipped Kikubaaqudgha.
Kikubaaqudgha was most pleased with you.
You visited 1 branch of the dungeon, and saw 7 of its levels.

You collected 347 gold pieces.

Inventory:

Hand Weapons
 a - a +1 mace (weapon)
Missiles
 d - 4 boomerangs of dispersal
 n - 20 poisoned darts (quivered)
 s - 5 boomerangs
 y - 5 atropa-tipped darts
Armour
 b - a +3 buckler (worn)
 q - a +2 robe of cold resistance (worn)
Magical Staves
 r - a staff of earth
Jewellery
 i - a ring of protection from fire (left hand)
Wands
 f - a wand of charming (5)
 h - a wand of flame (15)
Scrolls
 c - 2 scrolls of blinking
 e - a scroll of brand weapon {unknown}
 g - a scroll of immolation {unknown}
 j - a scroll of amnesia {unknown}
 k - a scroll of fear
 o - a scroll of enchant armour
 p - a scroll of enchant weapon
 t - a scroll of fog {unknown}
 v - a scroll of vulnerability {unknown}
 x - a scroll of torment {unknown}
 z - a scroll of magic mapping {unknown}
 A - a scroll of identify
Potions
 l - 2 potions of heal wounds
 m - a potion of haste
 w - a potion of flight


   Skills:
 + Level 7.2 Fighting
 + Level 5.5 Short Blades
 + Level 5.5 Long Blades
 + Level 5.5 Axes
 + Level 7.2 Maces & Flails
 + Level 5.5 Polearms
 + Level 5.5 Staves
 + Level 5.5 Slings
 + Level 5.5 Bows
 + Level 5.5 Crossbows
 + Level 6.1 Throwing
 + Level 6.1 Armour
 + Level 7.2 Dodging
 + Level 5.5 Stealth
 + Level 5.5 Shields
 + Level 5.5 Unarmed Combat
 + Level 7.5 Spellcasting
 + Level 4.5 Conjurations
 + Level 4.5 Hexes
 + Level 4.5 Summonings
 + Level 4.5 Necromancy
 + Level 7.2 Translocations
 + Level 4.5 Transmutations
 + Level 4.5 Fire Magic
 + Level 4.5 Ice Magic
 + Level 4.5 Air Magic
 + Level 4.5 Earth Magic
 + Level 4.5 Poison Magic
 + Level 6.0 Invocations
 + Level 5.5 Evocations


You had one spell level left.
You knew the following spells:

 Your Spells              Type           Power      Damage    Failure   Level
a - Blink                 Tloc           N/A        N/A       1%          2
b - Summon Small Mammal   Summ           72%        N/A       1%          1
c - Vampiric Draining     Necr           9%         2d7       6%          3
d - Manifold Assault      Tloc           25%        N/A       19%         5
e - Teleport Other        Tloc           25%        N/A       1%          3
f - Ozocubu's Armour      Ice            18%        N/A       6%          3
g - Animate Dead          Necr           9%         N/A       21%         4
z - Animate Skeleton      Necr           36%        N/A       1%          1

Your spell library contained the following spells:

 Spells                   Type           Power      Damage    Failure   Level
 Apportation              Tloc           50%        N/A       1%          1
 Corona                   Hex            20%        N/A       1%          1
 Freeze                   Ice            72%        1d9       1%          1
 Pain                     Necr           72%        1d7       1%          1
 Gell's Gravitas          Tloc           12%        N/A       1%          3
 Lesser Beckoning         Tloc           12%        N/A       1%          3
 Sublimation of Blood     Necr           9%         N/A       3%          2
 Frozen Ramparts          Ice            36%        1d5       6%          3
 Dispel Undead            Necr           18%        3d11      21%         4
 Hailstorm                Conj/Ice       18%        3d6       21%         4
 Agony                    Necr           18%        N/A       50%         5
 Excruciating Wounds      Necr           9%         N/A       50%         5
 Metabolic Englaciation   Hex/Ice        9%         N/A       50%         5
 Simulacrum               Ice/Necr       9%         N/A       97%         6


Dungeon Overview and Level Annotations

Branches:
Dungeon (7/15)             Temple (0/1) D:6

Altars:
Kikubaaqudgha
Qazlal
Ru
Wu Jian

Shops:
D:6 =   D:7 =

Annotations:
D:6 2 transporters, Phlounder's ghost, novice DjWn
D:7 3 runed translucent doors, Joseph


Innate Abilities, Weirdness & Mutations

You have very sharp teeth.
Your uncanny sense of smell can sniff out nearby items.
Your experience applies equally to all skills.


Message History

Your quokka dies!
Your quokka's corpse disappears in a puff of smoke!
Casting: Summon Small Mammal (safe; 1% risk of failure)
Confirm with . or Enter, or press ? or * to list all spells.
You block the killer bee's attack. The killer bee closely misses you.
You block the killer bee's attack. The killer bee closely misses your rat.
The killer bee barely misses you. You block the killer bee's attack.
You block the killer bee's attack. The killer bee closely misses you.
The killer bee stings you!
* * * LOW HITPOINT WARNING * * *
You are poisoned.
The killer bee poisons you!
Casting: Summon Small Mammal (safe; 1% risk of failure)
Confirm with . or Enter, or press ? or * to list all spells.
You feel very sick. The killer bee misses you.
You block the killer bee's attack.
You feel sick.
Your bat hits the killer bee.
Something stings your bat but does no damage.
Your bat misses the killer bee. The killer bee completely misses you.
You feel better.
Your bat hits the killer bee but does no damage.
Something barely misses your bat. The killer bee closely misses your bat.
Your bat completely misses the killer bee.
You block the killer bee's attack. Something stings your bat.
Your bat dies!
Your bat's corpse disappears in a puff of smoke!
You block the killer bee's attack. You block the killer bee's attack.
Casting: Summon Small Mammal (safe; 1% risk of failure)
Confirm with . or Enter, or press ? or * to list all spells.
You blink.
Joseph shouts!
The killer bee stings you.
* * * LOW HITPOINT WARNING * * *
Joseph unwields a +0 quarterstaff.
Joseph wields a +0 hunting sling.
Joseph shoots a sling bullet.
The sling bullet hits you!!
You die...
Kikubaaqudgha rasps: "You have failed me!
Welcome... death!"

#y##########..#####.#.#
..(.(.†....#######.........÷#
...........#.......#....#.#.†
...@(...!..#@#######y##.#.#†#
(..####.####.# #y##.#.#.# ..
#....#.# ### #r##.#...# .
####.#.# #.# #.##.##### #.#.#
#.###.##.# #####.#@#
#........#
.......y###.###.####
.......yy..y# #.#
######..##### #.# #..§>..#
#.# ∆ ∆#......# #.#
#....)..+..(. ##.#.### #.#
#.......+... ∆#..#.# #.#
#.......+.( #..#.#####.#


You could see Joseph and 3 killer bees.

Vanquished Creatures
  3 yaks
  A black bear (D:5)
  A sky beast (D:7)
  A centaur (D:6)
  2 bullfrogs
  A wyvern skeleton (D:6)
  6 killer bees
  3 howler monkeys (D:7)
  3 wights (D:6)
  2 bullfrog zombies
  A centaur zombie (D:5)
  4 hounds
  A jelly (D:5)
  A centaur skeleton (D:6)
  2 hound skeletons
  5 adders
  2 gnolls (D:3)
  2 ufetubi
  2 worms (D:3)
  3 dart slugs
  5 orcs
  4 bats
  5 endoplasms
  A giant cockroach (D:1)
  8 goblins
  10 hobgoblins
  3 jackals (D:5)
  6 kobolds
  6 quokkas
  6 ball pythons
  3 frilled lizards
  4 rats
107 creatures vanquished.

Vanquished Creatures (collateral kills)
  Grinder (D:5)
  A yak (D:5)
  A wyvern zombie (D:5)
  A scorpion (D:5)
  A killer bee (D:4)
  An iguana (D:5)
  2 gnolls (D:3)
  A goblin (D:3)
9 creatures vanquished.

Grand Total: 116 creatures vanquished

Notes
Turn   | Place    | Note
-------+----------+-------------------------------------------
     0 | D:1      | mandarbmax the Gnoll Warper began the quest for the Orb.
     0 | D:1      | Reached XP level 1. HP: 20/20 MP: 6/6
    77 | D:1      | Reached XP level 2. HP: 20/26 MP: 7/7
   403 | D:1      | Found a faded altar of an unknown god.
   436 | D:1      | Became a worshipper of Kikubaaqudgha
   436 | D:1      | Reached * piety under Kikubaaqudgha
   436 | D:1      | Received a gift from Kikubaaqudgha
   440 | D:1      | Learned a level 2 spell: Blink
   442 | D:1      | Learned a level 1 spell: Animate Skeleton
   545 | D:1      | Learned a level 1 spell: Summon Small Mammal
   665 | D:1      | Reached XP level 3. HP: 31/31 MP: 9/9
   688 | D:1      | Reached skill level 5 in Spellcasting
  1158 | D:2      | Reached skill level 1 in Invocations
  1388 | D:2      | Reached skill level 1 in Short Blades
  1388 | D:2      | Reached skill level 1 in Long Blades
  1388 | D:2      | Reached skill level 1 in Axes
  1388 | D:2      | Reached skill level 1 in Polearms
  1388 | D:2      | Reached skill level 1 in Staves
  1388 | D:2      | Reached skill level 1 in Slings
  1388 | D:2      | Reached skill level 1 in Bows
  1388 | D:2      | Reached skill level 1 in Crossbows
  1388 | D:2      | Reached skill level 1 in Stealth
  1388 | D:2      | Reached skill level 1 in Shields
  1388 | D:2      | Reached skill level 1 in Unarmed Combat
  1388 | D:2      | Reached skill level 1 in Evocations
  1793 | D:3      | Reached ** piety under Kikubaaqudgha
  1794 | D:3      | Reached XP level 4. HP: 22/38 MP: 9/11
  2330 | D:3      | Reached skill level 1 in Conjurations
  2330 | D:3      | Reached skill level 1 in Hexes
  2330 | D:3      | Reached skill level 1 in Summonings
  2330 | D:3      | Reached skill level 1 in Necromancy
  2330 | D:3      | Reached skill level 1 in Transmutations
  2330 | D:3      | Reached skill level 1 in Fire Magic
  2330 | D:3      | Reached skill level 1 in Ice Magic
  2330 | D:3      | Reached skill level 1 in Air Magic
  2330 | D:3      | Reached skill level 1 in Earth Magic
  2330 | D:3      | Reached skill level 1 in Poison Magic
  2628 | D:3      | Reached XP level 5. HP: 43/43 MP: 12/12
  3061 | D:4      | Found a stormy altar of Qazlal.
  3073 | D:4      | Learned a level 3 spell: Vampiric Draining
  3079 | D:4      | Learned a level 5 spell: Manifold Assault
  3436 | D:4      | Reached XP level 6. HP: 34/50 MP: 8/13
  4245 | D:4      | Reached skill level 5 in Fighting
  4245 | D:4      | Reached skill level 5 in Maces & Flails
  4245 | D:4      | Reached skill level 5 in Dodging
  4799 | D:4      | Reached skill level 5 in Throwing
  4799 | D:4      | Reached skill level 5 in Armour
  4799 | D:4      | Reached skill level 5 in Invocations
  4799 | D:4      | Reached XP level 7. HP: 59/59 MP: 14/17
  4933 | D:5      | Entered Level 5 of the Dungeon
  5157 | D:5      | Noticed Grinder
  5159 | D:5      | Paralysed by Grinder for 3 turns
  5191 | D:5      | Reached skill level 5 in Short Blades
  5191 | D:5      | Reached skill level 5 in Long Blades
  5191 | D:5      | Reached skill level 5 in Axes
  5191 | D:5      | Reached skill level 5 in Polearms
  5191 | D:5      | Reached skill level 5 in Staves
  5191 | D:5      | Reached skill level 5 in Slings
  5191 | D:5      | Reached skill level 5 in Bows
  5191 | D:5      | Reached skill level 5 in Crossbows
  5191 | D:5      | Reached skill level 5 in Stealth
  5191 | D:5      | Reached skill level 5 in Shields
  5191 | D:5      | Reached skill level 5 in Unarmed Combat
  5191 | D:5      | Reached skill level 5 in Evocations
  5226 | D:5      | Paralysed by Grinder for 7 turns
  5231 | D:5      | Killed Grinder
  5232 | D:5      | Reached XP level 8. HP: 12/65 MP: 7/18
  5499 | D:5      | Learned a level 3 spell: Teleport Other
  5743 | D:5      | Reached *** piety under Kikubaaqudgha
  5743 | D:5      | Received a gift from Kikubaaqudgha
  6222 | D:5      | Found an ancient bone altar of Kikubaaqudgha.
  6222 | D:5      | Found an ornate altar of the Wu Jian Council.
  6586 | D:6      | Noticed a yak
  6657 | D:6      | Noticed a yak
  6660 | D:6      | Noticed a yak
  6661 | D:6      | Noticed a yak
  6673 | D:5      | Killed a yak
  7029 | D:6      | Found Rakel's Jewellery Emporium.
  7096 | D:6      | Found a transporter.
  7110 | D:6      | Reached XP level 9. HP: 53/72 MP: 18/20
  7207 | D:6      | Found a transporter.
  8109 | D:6      | Noticed Phlounder's ghost (novice DjWn)
  8139 | D:6      | Found a staircase to the Ecumenical Temple.
  8440 | D:6      | Found a sacrificial altar of Ru.
  8639 | D:7      | Found Uwimifopn's Jewellery Shop.
  8788 | D:7      | Learned a level 3 spell: Ozocubu's Armour
  8793 | D:7      | Learned a level 4 spell: Animate Dead
  8835 | D:7      | Found a runed translucent gate.
  8836 | D:7      | Found a runed translucent gate.
  8837 | D:7      | Found a runed translucent gate.
  9148 | D:7      | Noticed Joseph
  9186 | D:7      | Shot with a sling bullet by Joseph

Illustrated notes

Levels and vault maps discovered:
D:1:      mrwooster_arrival_statue, layout_basic,
          shapermc_ecumenical_altar_notcrosses
D:2:      layout_loops_ring
D:3:      layout_basic, serial_aquarium, aquarium_bridge_island_small
          [aquarium_subvault_small_open, aquarium_subvault_bridge,
          aquarium_subvault_bridge, aquarium_subvault_bridge,
          aquarium_subvault_wall], aquarium_bridge_square
          [aquarium_subvault_bridge, aquarium_subvault_balcony,
          aquarium_subvault_bridge, aquarium_subvault_bridge],
          aquarium_window_1, aquarium_window_1, aquarium_window_2,
          aquarium_view_2c
D:4:      layout_gridville, nicolae_qazlal_general_emergency, serial_rivers,
          chequers_serial_rivers_room_b, chequers_serial_rivers_micro_b,
          chequers_serial_rivers_micro_b, chequers_serial_rivers_micro_b,
          chequers_serial_rivers_room_b, chequers_serial_rivers_room_a
D:5:      layout_cave_pods, gammafunk_temple_overflow_wave,
          chequers_decorated_corner, hangedman_decor_lopped, uniq_grinder
D:6:      layout_cave_pods, lemuel_round_altar, minmay_temple_entry_mini_moons,
          serial_shops, nicolae_square_shop, gammafunk_ghost_stat_death,
          dk_noncrumbling_2
D:7:      layout_basic, grunt_temple_overflow_holy_war, kennysheep_little_box,
          nicolae_uskayaw_en_pointe, serial_shops, shop,
          ebering_ghost_rock_garden, minmay_crystal_water,
          nicolae_specific_store, uniq_joseph

Skill      XL: |  1  2  3  4  5  6  7  8  9 |
---------------+----------------------------+-----
Spellcasting   | 5 7 |  7.5
Invocations    | 1 2 5 6 |  6.0
Short Blades   | 1 4 5 |  5.5
Long Blades    | 1 4 5 |  5.5
Axes           | 1 4 5 |  5.5
Polearms       | 1 4 5 |  5.5
Staves         | 1 4 5 |  5.5
Slings         | 1 4 5 |  5.5
Bows           | 1 4 5 |  5.5
Crossbows      | 1 4 5 |  5.5
Stealth        | 1 4 5 |  5.5
Shields        | 1 4 5 |  5.5
Unarmed Combat | 1 4 5 |  5.5
Evocations     | 1 4 5 |  5.5
Conjurations   | 1 4 |  4.5
Hexes          | 1 4 |  4.5
Summonings     | 1 4 |  4.5
Necromancy     | 1 4 |  4.5
Transmutations | 1 4 |  4.5
Fire Magic     | 1 4 |  4.5
Ice Magic      | 1 4 |  4.5
Air Magic      | 1 4 |  4.5
Earth Magic    | 1 4 |  4.5
Poison Magic   | 1 4 |  4.5
Throwing       | 3 5 6 |  6.1
Armour         | 3 5 6 |  6.1
Fighting       | 6 7 |  7.2
Maces & Flails | 6 7 |  7.2
Dodging        | 6 7 |  7.2
Translocations | 6 7 |  7.2

Action                   |  1- 3 |  4- 6 |  7- 9 || total
-------------------------+-------+-------+-------++-------
Melee: Mace              |    96 |   141 |   191 ||   428
       Bite              |     7 |     3 |    19 ||    29
       Punch             |       |     1 |       ||     1
Throw: Dart              |    15 |    27 |    79 ||   121
       Boomerang         |       |    32 |    50 ||    82
 Cast: Animate Skeleton  |     2 |     3 |     5 ||    10
       Summon Small Mamm |     2 |    23 |    26 ||    51
       Blink             |       |     5 |    13 ||    18
       Vampiric Draining |       |     1 |       ||     1
Invok: Receive Corpses   |       |       |     1 ||     1
Evoke: Wand              |       |       |     7 ||     7
  Use: Scroll            |       |     7 |     4 ||    11
       Potion            |       |     9 |     1 ||    10
 Stab: Sleeping          |     1 |     1 |       ||     2
       Distracted        |       |       |     1 ||     1
Armor: Leather armour    |    43 |       |       ||    43
       Robe              |       |    15 |    30 ||    45
       Skin              |       |    41 |       ||    41
Dodge: Dodged            |    56 |    99 |   120 ||   275
Block: Buckler           |       |    22 |    90 ||   112

Table legend: (Time is in decaauts)
 A = Elapsed time spent in this place.
 B = Non-inter-level travel time spent in this place.
 C = Inter-level travel time spent in this place.
 D = Time resting spent in this place.
 E = Time spent auto-exploring this place.
 F = Levels seen in this place.
 G = Mean time per level.
                   A        B        C        D        E       F      G
               +--------+--------+--------+--------+--------+-----+--------+
         Total |   9218 |   8977 |    241 |   2379 |   5241 |   7 | 1316.9 |
       Dungeon |   9218 |   8977 |    241 |   2379 |   5241 |   7 | 1316.9 |
               +--------+--------+--------+--------+--------+-----+--------+

Top non-repeatable levels by time:
     D:5: 2020 daAuts
     D:3: 1690 daAuts
     D:6: 1676 daAuts
     D:4: 1442 daAuts
     D:1: 1051 daAuts
     D:2: 789 daAuts
     D:7: 548 daAuts
